 Dungeon Crawl Stone Soup version 0.16-a0-44-gd96af6c (webtiles) character file.

2239 HiobMontag the Cudgeler (level 9, -6/54 HPs)
             Began as a Gargoyle Gladiator on Aug 5, 2014.
             Was a Believer of Kikubaaqudgha.
             Mangled by an ogre
             ... wielding a +0 giant club
              (11 damage)
             ... on Level 6 of the Dungeon.
             The game lasted 01:24:28 (7769 turns).

HiobMontag the Cudgeler (Gargoyle Gladiator)        Turns: 7769, Time: 01:24:28

HP  -6/54        AC  9     Str 17      XL: 9   Next: 36%
MP  19/19        EV 13     Int 12      God: Kikubaaqudgha [**....]
Gold 329         SH  0     Dex 12      Spells:  4 memorised,  6 levels left

rFire  . . .     SeeInvis .     x - +4 flail
rCold  . . .     Clarity  .     (no armour)
rNeg   + . .     rCorr    .     (no shield)
rPois  +         rRot     +     c - +0 helmet
rElec  +         Spirit   .     (no cloak)
SustAb .         Warding  .     v - +0 pair of gloves
rMut   .         Stasis   .     H - +0 pair of boots
Gourm  .                        (no amulet)
MR     .....                    (no ring)
                                (no ring)

@: not resistant to hostile enchantments, unstealthy
A: agile 1, blurry vision 1, deformed body, negative energy resistance 1,
electricity resistance, slow healing 1, weak 1, unbreathing, petrification
resistance, rot immunity, AC +5
a: Receive Corpses, Renounce Religion


You were on level 6 of the Dungeon.
You worshipped Kikubaaqudgha.
Kikubaaqudgha was pleased with you.
You were hungry.

You visited 1 branch of the dungeon, and saw 7 of its levels.

You collected 389 gold pieces.
You spent 60 gold pieces at shops.

Inventory:

Hand weapons
 l - a +2 dagger of draining
 t - a +0 morningstar
 x - a +4 flail (weapon)
 D - a +0 dagger of speed
 F - a +0 hand axe of freezing
 P - a +0 cutlass
Missiles
 d - 2 throwing nets (quivered)
 n - 5 tomahawks
 u - 5 tomahawks of returning
Armour
 b - a +0 leather armour
 c - a +0 helmet (worn)
 k - a +0 ring mail
 q - a cursed -2 chain mail
 r - a +0 plate armour
 v - a +0 pair of gloves (worn)
 H - a +0 pair of boots (worn)
 L - a +0 robe
Magical devices
 j - a wand of slowing (11)
 E - a wand of lightning (3)
Comestibles
 a - 7 fruits
 f - 5 bread rations
 m - 2 slices of pizza
 s - a meat ration
 R - 4 rotting chunks of kobold flesh
 T - 2 rotting chunks of big kobold flesh
Scrolls
 e - a scroll of immolation {unknown}
 p - 5 scrolls of recharging
 y - 3 scrolls of magic mapping {unknown}
 B - 2 scrolls of enchant armour {unknown}
 C - a scroll of enchant weapon {unknown}
 G - a scroll of fog {unknown}
 I - 2 scrolls of teleportation {unknown}
 K - a scroll of remove curse
 M - a scroll of random uselessness {unknown}
 N - 2 scrolls of amnesia {unknown}
 O - a scroll of identify
Jewellery
 A - an uncursed ring of positive energy {unknown}
Potions
 g - a potion of might
 i - 2 potions of curing
 o - a potion of poison
 z - a potion of brilliance {unknown}
 J - a potion of magic {unknown}
 Q - a potion of agility {unknown}
Books
 w - Kikubaaqudgha's Grimoire of Sinister Rituals
   (Kikubaaqudgha gifted it to you on level 3 of the Dungeon)

   Spells                             Type                      Level
   Animate Skeleton                   Necromancy                   1
   *Pain                              Necromancy                   1
   *Corpse Rot                        Necromancy                   2
   *Regeneration                      Charms/Necromancy            3
   *Control Undead                    Necromancy                   4
Magical staves
 h - an uncursed staff of fire {unknown}


   Skills:
 + Level 5.0 Fighting
 + Level 0.6(3.6) Axes
 + Level 6.3 Maces & Flails
 + Level 3.4 Throwing
 + Level 5.8 Armour
 + Level 4.4 Dodging
 + Level 1.3 Stealth
 + Level 4.0 Spellcasting
 * Level 3.0 Necromancy
 + Level 0.2 Evocations


You had 6 spell levels left.
You knew the following spells:

 Your Spells              Type           Power        Failure   Level  Hunger
a - Pain                  Necr           #...         8%          1    #......
b - Control Undead        Necr           #.........   67%         4    #####..
c - Regeneration          Chrm/Necr      #.........   34%         3    ###....
d - Corpse Rot            Necr           N/A          12%         2    ##.....


Dungeon Overview and Level Annotations

Branches:
Dungeon (7/15)             Temple (0/1) D:6

Altars:
Ashenzari
Dithmenos
Elyvilon
Fedhas
Kikubaaqudgha
Nemelex Xobeh
Okawaru
Trog
Vehumet
Xom
Zin

Shops:
D:4 !   D:5 *


Innate Abilities, Weirdness & Mutations

You are resistant to torment.
You are immune to poison.
Your stone body is very resilient (AC +5).
You resist negative energy.
You are resistant to electric shocks.
You can survive without breathing.
You are immune to petrification.
You are immune to rotting.
You are agile. (Dex +2)
Your vision is a little blurry.
Armour fits poorly on your strangely shaped body.
You heal slowly when monsters are visible.
You are weak. (Str -2)


Message History

The ogre closely misses you.
You closely miss the ogre.
The ogre is lightly wounded.
The ogre hits you with a giant club!!
* * * LOW HITPOINT WARNING * * *
You hit the ogre.
The ogre is moderately wounded.
The ogre hits you with a giant club!
* * * LOW HITPOINT WARNING * * *
You hit the ogre.
The ogre is heavily wounded.
The ogre misses you.
Drink which item? (? for menu, Esc to quit)
Okay, then.
The ogre barely misses you.
You are feeling hungry.
There is a stone staircase leading up here.
The ogre hits you with a giant club!
You die...
Kikubaaqudgha rasps: "You have failed me!
Welcome... oblivion!"

#..##.[# #...##.....##
#..##..# ##.########..#
##...#..####..# #.##
#....#........## #.#
#...........#.o# ##.#
#..>..##...##..## ##..##
......##...###..####....##
.....####...##..O##..##..##
......###...#...@....###..##
.......##......####..####..#
.......).....### ##..####.#
...........### ##.....##
...........# ##....#
...........# #....##
...........### ###.....##
.............#######...####.#
###...................## ####


You could see an orc warrior and an ogre.

Vanquished Creatures
  Grinder (D:4)
  2 sky beasts
  2 phantoms (D:4)
  3 ice beasts
  An ogre (D:4)
  A centaur (D:6)
  A big kobold (D:7)
  A wyvern skeleton (D:6)
  5 scorpions
  A goliath beetle (D:6)
  2 hounds (D:5)
  3 crimson imps (D:6)
  A quasit (D:5)
  2 giant frog zombies (D:6)
  A jelly (D:6)
  2 orc priests
  4 worker ants (D:6)
  An orc wizard (D:4)
  An ogre skeleton (D:6)
  A hound skeleton (D:4)
  8 gnolls
  8 adders
  2 giant mites
  A shadow imp (D:6)
  2 worms
  An adder skeleton (D:4)
  2 orc skeletons (D:5)
  A giant gecko (D:4)
  8 orcs
  2 ball pythons
  2 bat skeletons (D:6)
  5 giant cockroaches
  11 hobgoblins
  16 jackals
  8 bats
  3 giant newts
  16 goblins
  A goblin skeleton (D:5)
  25 kobolds
  A kobold zombie (D:5)
  8 rats
167 creatures vanquished.

Notes
Turn   | Place    | Note
--------------------------------------------------------------
     0 | D:1      | HiobMontag, the Gargoyle Gladiator, began the quest for the Orb.
     0 | D:1      | Reached XP level 1. HP: 12/12 MP: 1/1
    57 | D:1      | Reached XP level 2. HP: 14/17 MP: 2/2
   533 | D:1      | Reached XP level 3. HP: 20/22 MP: 3/3
  1382 | D:2      | Found a shattered altar of Ashenzari.
  1388 | D:2      | Found an ancient bone altar of Kikubaaqudgha.
  1393 | D:2      | Found a radiant altar of Vehumet.
  1396 | D:2      | Reached skill level 1 in Armour
  1396 | D:2      | Reached XP level 4. HP: 27/27 MP: 4/4
  1406 | D:2      | Found a blossoming altar of Fedhas.
  1407 | D:2      | Found an iron altar of Okawaru.
  1410 | D:2      | Found a bloodstained altar of Trog.
  1411 | D:2      | Found a white marble altar of Elyvilon.
  1495 | D:2      | Became a worshipper of Kikubaaqudgha
  2288 | D:3      | Reached XP level 5. HP: 27/32 MP: 5/5
  2406 | D:3      | Found a shimmering altar of Xom.
  2429 | D:3      | Acquired Kikubaaqudgha's first power
  2429 | D:3      | Received a gift from Kikubaaqudgha
  2436 | D:3      | Identified Kikubaaqudgha's Grimoire of Sinister Rituals (Kikubaaqudgha gifted it to you on level 3 of the Dungeon)
  2439 | D:3      | Learned a level 1 spell: Pain
  3182 | D:4      | Found Moiwupna's Distillery.
  3193 | D:4      | Bought 2 potions of heal wounds for 60 gold pieces
  3269 | D:4      | Reached XP level 6. HP: 36/36 MP: 6/6
  3316 | D:4      | Noticed Grinder
  3316 | D:4      | Noticed an ogre
  3335 | D:4      | Killed an ogre
  3335 | D:4      | Reached skill level 4 in Maces & Flails
  3335 | D:4      | Reached skill level 1 in Spellcasting
  3335 | D:4      | Reached skill level 1 in Necromancy
  3335 | D:4      | Paralysed by Grinder for 2 turns
  3339 | D:4      | Paralysed by Grinder for 2 turns
  3352 | D:4      | Paralysed by Grinder for 5 turns
  3358 | D:4      | Killed Grinder
  3358 | D:4      | Reached XP level 7. HP: 34/41 MP: 8/12
  3395 | D:4      | Found a shadowy altar of Dithmenos.
  3509 | D:4      | Noticed a phantom
  3534 | D:4      | Killed a phantom
  3756 | D:4      | Noticed a phantom
  3783 | D:4      | Killed a phantom
  4004 | D:4      | Reached XP level 8. HP: 41/47 MP: 14/14
  4036 | D:4      | Acquired Kikubaaqudgha's second power
  4071 | D:4      | Reached skill level 5 in Maces & Flails
  4138 | D:4      | Reached skill level 1 in Stealth
  4276 | D:5      | Entered Level 5 of the Dungeon
  4857 | D:5      | Found a sparkling altar of Nemelex Xobeh.
  4907 | D:5      | Reached skill level 5 in Armour
  4922 | D:5      | Gained mutation: You have supernaturally acute eyesight. [mutagenic glow]
  4928 | D:5      | Found Sheatz's Elemental Accessories.
  4949 | D:5      | Gained mutation: You are weak. (Str -2) [mutagenic glow]
  5314 | D:6      | Found a staircase to the Ecumenical Temple.
  5457 | D:6      | Gained mutation: Armour fits poorly on your strangely shaped body. [mutagenic glow]
  5486 | D:6      | Found a glowing silver altar of Zin.
  5541 | D:6      | Gained mutation: You are agile. (Dex +2) [mutagenic glow]
  5685 | D:6      | Lost mutation: You have supernaturally acute eyesight. [mutagenic glow]
  5779 | D:6      | Reached XP level 9. HP: 23/52 MP: 18/18
  5784 | D:6      | Reached skill level 6 in Maces & Flails
  7282 | D:6      | Reached skill level 5 in Fighting
  7442 | D:7      | Gained mutation: Your vision is a little blurry. [mutagenic glow]
  7530 | D:6      | Gained mutation: You heal slowly when monsters are visible. [mutagenic glow]
  7620 | D:4      | Learned a level 4 spell: Control Undead
  7624 | D:4      | Learned a level 3 spell: Regeneration
  7627 | D:4      | Learned a level 2 spell: Corpse Rot
  7731 | D:6      | HP: 1/54 [ogre/giant club (12)]
  7769 | D:6      | Mangled by an ogre

Action                   |  1- 3 |  4- 6 |  7- 9 || total
-------------------------+-------+-------+-------++-------
Melee: Flail             |   115 |    82 |   366 ||   563
       Spear             |     3 |       |       ||     3
       Broad axe         |       |    35 |       ||    35
       Morningstar       |       |    50 |       ||    50
Throw: Throwing net      |     1 |     2 |     1 ||     4
       Tomahawk          |       |    18 |     5 ||    23
 Cast: Pain              |       |       |     1 ||     1
Evoke: Wand              |       |       |     1 ||     1
  Use: Scroll            |     2 |     4 |     4 ||    10
       Potion            |       |     2 |     2 ||     4
 Stab: Held in net/web   |     1 |       |     1 ||     2
  Eat: Chunk             |     2 |     7 |    14 ||    23
       Beef jerky        |       |       |     1 ||     1
